 Dungeon Crawl Stone Soup version 0.31-a0-1278-g11c5b68f87 (webtiles) character file.

Game seed: 14742967649732666362

677 Crabhammer the Magician (level 7, 0/41 HPs)
             Began as an Octopode Hedge Wizard on Dec 18, 2023.
             Slain by a lemure (4 damage)
             ... led by Pikel
             ... on level 5 of the Dungeon.
             The game lasted 00:32:40 (5966 turns).

Crabhammer the Magician (Octopode Hedge Wizard)     Turns: 5966, Time: 00:32:41

Health: 0/41       AC:  1    Str:  7    XL:     7   Next: 60%
Magic:  2/14       EV: 13    Int: 17    God:
Gold:   305        SH:  5    Dex: 13    Spells: 8/16 levels left

rFire   + .          .
                       - Unarmed
rCold   . . .        (no shield)
rNeg    . . .        b - +0 hat
rPois   .            h - amulet of reflection
rElec   .            l - ring of wizardry
rCorr   .            (no ring)
SInv    .            (no ring)
Will    .....        (no ring)
Stlth   +++          (no ring)
HPRegen 0.26/turn    (no ring)
MPRegen 0.14/turn    (no ring)
                     (no ring)

%: reflection, wizardry (x1)
@: on blink cooldown
A: almost no armour, amphibious, 8 rings, camouflage 1, gelatinous body 1,
(nimble swimmer 1), tentacles, fire resistance 1, weak 1, no potion heal 1
a: no special abilities


You were on level 5 of the Dungeon.
You visited 1 branch of the dungeon, and saw 6 of its levels.

You collected 305 gold pieces.

Inventory:

Hand Weapons
 a - a +0 dagger
Armour
 b - a +0 hat (worn)
Jewellery
 h - an amulet of reflection (around mantle)
 l - a ring of wizardry (left tentacle)
Scrolls
 e - 4 scrolls of identify
 g - 2 scrolls of amnesia {unknown}
 i - a scroll of teleportation {unknown}
 k - 2 scrolls of acquirement {unknown}
 o - a scroll of silence {unknown}
 p - a scroll of fog {unknown}
Potions
 c - a potion of magic
 d - a potion of curing
 m - a potion of attraction {unknown}
 n - a potion of cancellation {unknown}
 q - 2 potions of enlightenment {unknown}


   Skills:
 - Level 2.0 Dodging
 - Level 2.6 Stealth
 * Level 2.8 Unarmed Combat
 + Level 5.3 Spellcasting
 - Level 2.5 Conjurations
 - Level 2.8 Summonings
 + Level 1.3 Translocations
 * Level 2.5 Air Magic
 * Level 2.9 Poison Magic


You had 8 spell levels left.
You knew the following spells:

 Your Spells              Type           Power      Damage    Failure   Level
a - Magic Dart            Conj           52%        1d5       1%          1
b - Blink                 Tloc           18%        N/A       4%          2
c - Call Imp              Summ           28%        N/A       2%          2
d - Mephitic Cloud        Conj/Pois/Air  13%        N/A       6%          3

Your spell library contained the following spells:

 Spells                   Type           Power      Damage    Failure   Level
 Apportation              Tloc           18%        N/A       3%          1
 Cigotuvi's Dreadful Rot  Necr/Pois/Air  20%        N/A       4%          2
 Lesser Beckoning         Tloc           18%        N/A       4%          2
 Slow                     Hex            16%        N/A       6%          1
 Jinxbite                 Hex            8%         N/A       9%          2
 Gell's Gravitas          Tloc           9%         N/A       10%         3
 Teleport Other           Tloc           9%         N/A       10%         3
 Volatile Blastmotes      Fire/Tloc      12%        2d11      12%         3
 Frozen Ramparts          Ice            8%         1d2       16%         3
 Iskenderun's Mystic Bla  Conj/Tloc      11%        2d4       24%         4
 Fulminant Prism          Conj/Hex       4%         3d5       32%         4
 Leda's Liquefaction      Tmut/Erth      2%         N/A       45%         4
 Petrify                  Tmut/Erth      4%         N/A       45%         4
 Alistair's Intoxication  Tmut/Pois      6%         N/A       61%         5
 Metabolic Englaciation   Hex/Ice        2%         N/A       80%         5


Dungeon Overview and Level Annotations

Branches:
Dungeon (6/15)
 Temple: D:4-7

Altars:
Xom

Annotations:
D:3 1 runed translucent door, Crazy Yiuf
D:5 Pikel
D:6 Dowan, Duvessa


Innate Abilities, Weirdness & Mutations

You cannot wear most types of armour.
You are amphibious.
You can wear up to eight rings at the same time.
Your skin changes colour to match your surroundings (Stealth+).
Your rubbery body absorbs attacks. (AC +1, EV +1)
((You are camouflaged when in or above water. (Stealth+)))
You have tentacles for arms and can constrict up to eight enemies at once.
Your flesh is heat resistant. (rF+)
You are weak. (Str -2)
Potions are less effective at restoring your health.


Message History

The howler monkey hoots and howls with incredible vigour!
You tentacle-slap the lemure but do no damage.
The lemure is severely wounded.
You constrict the lemure. The lemure hits you.
* * * LOW HITPOINT WARNING * * *
The lemure misses you.
Casting: Blink (safe; 4% risk of failure)
Confirm with . or Enter, or press ? or * to list all spells.
You blink.
You lose your grip on the lemure.
Your system partially rejects the healing.
You feel better.
The howler monkey hits you but does no damage.
Okay, then.
The howler monkey hoots and howls with incredible vigour!
The lemure attacks as it pursues you! The lemure closely misses you.
Pikel cracks his whip.
Pikel zaps a wand.
You resist with some effort.
Unknown command.
The lemure attacks as it pursues you! The lemure closely misses you.
The howler monkey hoots and howls with incredible vigour!
The lemure attacks as it pursues you! The lemure barely misses you.
Pikel zaps a wand.
You resist with some effort.
You feel ready to blink again. The lemure attacks as it pursues you!
The lemure hits you.
* * * LOW HITPOINT WARNING * * *
Casting: Blink (safe; 4% risk of failure)
Confirm with . or Enter, or press ? or * to list all spells.
You blink.
The howler monkey hoots and howls with incredible vigour!
You tentacle-slap the lemure. Your grab misses the lemure.
You squeeze the lemure.
You kill the lemure!
That felt strangely unrewarding.
The howler monkey hits you!
* * * LOW HITPOINT WARNING * * *
The lemure attacks as it pursues you! The lemure closely misses you.
Unknown command.
You block the howler monkey's attack. The lemure barely misses you.
The lemure hits you.
You die...

#...# #..# #..##
#..## #[.# #...#
#.g# #...# #..#
###...## #)g#
####......## #.##
###..........##
##.#
###.............##
#).#
#.@....$.........##
#).#
#h5K...............
#..#
#...............###
# #..#
#...............#
## #g.#
##..............#
.# ##h##
#..............#
.## #..#
#...........?..#
#.## #.g#
#..............#
#..###..#
##.............#


You could see Pikel, a lemure and a howler monkey.

Vanquished Creatures
  An ogre (D:5)
  A black bear (D:5)
  3 lemures (D:5)
  A scorpion (D:5)
  An orc wizard (D:5)
  7 adders
  3 worms
  4 orcs
  5 ball pythons
  6 endoplasms
  3 giant cockroaches
  8 hobgoblins
  2 jackals (D:1)
  A quokka (D:2)
  7 bats
  2 frilled lizards
  6 goblins
  6 kobolds
  5 rats
72 creatures vanquished.

Vanquished Creatures (collateral kills)
  An ogre (D:5)
  A scorpion (D:5)
  An iguana (D:5)
  2 gnolls (D:5)
  4 adders
  A dart slug (D:1)
  An orc (D:5)
  3 ball pythons
  2 endoplasms
  2 giant cockroaches
  A hobgoblin (D:4)
  2 jackals (D:1)
  2 kobolds
23 creatures vanquished.

Vanquished Creatures (others)
  A hound (D:5)
1 creature vanquished.

Grand Total: 96 creatures vanquished

Notes
Turn   | Place    | Note
-------+----------+-------------------------------------------
     0 | D:1      | Crabhammer the Octopode Hedge Wizard began the quest for
                  | the Orb.
     0 | D:1      | Reached XP level 1. HP: 11/11 MP: 4/4
   330 | D:1      | Reached XP level 2. HP: 17/17 MP: 0/6
   396 | D:1      | Learned a level 2 spell: Blink
   399 | D:1      | Learned a level 2 spell: Call Imp
   945 | D:1      | Reached XP level 3. HP: 21/21 MP: 5/8
   946 | D:1      | Reached skill level 1 in Unarmed Combat
  1576 | D:2      | Found a shimmering altar of Xom.
  1704 | D:2      | Reached skill level 4 in Spellcasting
  1879 | D:2      | Gained mutation: You are weak. (Str -2) [potion of
                  | mutation]
  1879 | D:2      | Gained mutation: Potions are less effective at restoring
                  | your health. [potion of mutation]
  1879 | D:2      | Gained mutation: Your flesh is heat resistant. (rF+)
                  | [potion of mutation]
  1961 | D:2      | Learned a level 3 spell: Mephitic Cloud
  2041 | D:2      | Reached XP level 4. HP: 27/27 MP: 5/10
  3034 | D:3      | Found a runed translucent door.
  3035 | D:3      | Noticed Crazy Yiuf
  3117 | D:3      | Reached XP level 5. HP: 25/31 MP: 7/11
  3509 | D:4      | Reached skill level 1 in Poison Magic
  4473 | D:4      | Reached skill level 1 in Air Magic
  4572 | D:5      | Entered Level 5 of the Dungeon
  4755 | D:5      | Reached XP level 6. HP: 36/36 MP: 2/12
  4837 | D:5      | Noticed a black bear
  5496 | D:6      | Noticed Duvessa
  5497 | D:6      | Noticed Dowan
  5653 | D:5      | Reached skill level 5 in Spellcasting
  5653 | D:5      | Reached XP level 7. HP: 41/41 MP: 7/14
  5917 | D:5      | Noticed Pikel
  5966 | D:5      | Slain by a lemure

Illustrated notes

Levels and vault maps discovered:
D:1:      hellmonk_arrival_library, layout_basic, solitary_fountain,
          hangedman_decor_push
D:2:      layout_basic, basic_altar
D:3:      layout_basic, chequers_serial_rivers_small_3, uniq_crazy_yiuf_cottage
D:4:      layout_loops_corners
D:5:      layout_cave_pods, uniq_pikel
D:6:      layout_rooms, nemelex_diamond_rough_becter,
          minmay_temple_entry_large_hall, gammafunk_ghost_arena, uniq_duvessa

Skill      XL: |  1  2  3  4  5  6 |
---------------+-------------------+-----
Unarmed Combat | 1 2 |  2.8
Spellcasting   | 4 5 |  5.3
Poison Magic   | 1 2 |  2.9
Air Magic      | 1 2 |  2.5
Conjurations   | 2 |  2.5
Summonings     | 2 |  2.8
Dodging        | |  2.0
Stealth        | |  2.6
Translocations | |  1.3

Action                     |  1- 3 |  4- 6 |  7- 9 || total
---------------------------+-------+-------+-------++-------
  Melee: Unarmed           |    19 |    70 |    28 ||   117
         Tentacles         |     5 |    18 |    11 ||    34
         Constrict         |     4 |    17 |     5 ||    26
         Punch             |     2 |     3 |     1 ||     6
   Cast: Magic Dart        |    72 |    80 |    11 ||   163
         Call Imp          |     8 |    26 |     2 ||    36
         Blink             |       |     4 |     5 ||     9
         Mephitic Cloud    |       |    14 |     3 ||    17
    Use: Potion            |     4 |       |     2 ||     6
         Scroll            |       |     3 |       ||     3
   Stab: Sleeping          |       |     3 |       ||     3
         Confused          |       |     3 |       ||     3
 Armour: Skin              |    18 |    21 |    17 ||    56
  Dodge: Dodged            |    13 |    42 |    20 ||    75
  Block: Other             |       |    11 |    10 ||    21

Table legend: (Time is in decaauts)
 A = Elapsed time spent in this place.
 B = Non-inter-level travel time spent in this place.
 C = Inter-level travel time spent in this place.
 D = Time resting spent in this place.
 E = Time spent auto-exploring this place.
 F = Levels seen in this place.
 G = Mean time per level.
                   A        B        C        D        E       F      G
               +--------+--------+--------+--------+--------+-----+--------+
         Total |   5967 |   5747 |    220 |   1593 |   2361 |   6 |  994.5 |
       Dungeon |   5967 |   5747 |    220 |   1593 |   2361 |   6 |  994.5 |
               +--------+--------+--------+--------+--------+-----+--------+

Top non-repeatable levels by time:
     D:1: 1571 daAuts
     D:4: 1497 daAuts
     D:3: 1084 daAuts
     D:5: 959 daAuts
     D:2: 842 daAuts
     D:6: 10 daAuts
